Map: New Repugnancy LE

Players

Disconnected - Winner!

  • Race: Zerg Zerg
  • League: Master
  • Spawn Location: 7:00

RozenKran

  • Race: Terran Terran
  • League: Master
  • Spawn Location: 1:00

VOD

Have the link to the VOD?

Description

Time

  • Played on: April 15, 2019, midnight
  • Length: 19:38
Show
View Real Time Build Order
Export as new Build Order

Disconnected Zerg - Winner!

Build Orders: Hatch First, Brood Lord Corruptor, Muta Ling Bane 

Get SALT Encoding   

  12  0:01  Drone  
  13  0:13  Overlord  
  13  0:19  Drone  
  14  0:32  Drone x2  
  16  0:36  Drone  
  17  0:54  Hatchery  
  17  0:56  Drone  
  17  0:58  Drone  
  18  1:10  Extractor  
  17  1:13  Spawning Pool  
  17  1:16  Drone  
  17  1:20  Drone  
  18  1:29  Drone  
  19  1:40  Overlord  
  19  1:50  Drone  
  20  2:00  Queen  
  22  2:02  Zergling x2  
  22  2:06  Queen  
  22  2:07  Zergling x2  
  26  2:10  Metabolic Boost  
  26  2:12  Drone  
  27  2:17  Drone  
  28  2:31  Drone x2  
  30  2:40  Hatchery  
  30  2:42  Overlord  
  29  2:45  Drone  
  29  2:46  Drone  
  31  2:53  Drone  
  31  2:55  Overlord  
  32  3:03  Spore Crawler  
  32  3:04  Drone  
  31  3:10  Drone x4  
  31  3:12  Drone  
  37  3:16  Drone x3  
  40  3:21  Drone  
  40  3:25  Queen  
  43  3:31  Drone x2  
  45  3:37  Queen  
  47  3:43  Drone x3  
  50  3:57  Overlord  
  50  3:58  Overlord, Drone x2  
  50  3:59  Drone x3, Baneling Nest  
  54  4:04  Queen  
  54  4:08  Zergling x4  
  58  4:13  Lair  
  58  4:24  Overlord x2  
  58  4:25  Drone x4  
  58  4:30  Spore Crawler  
  58  4:31  Spore Crawler  
  60  4:32  Drone  
  60  4:34  Spore Crawler  
  60  4:47  Drone x9  
  60  4:52  Extractor  
  68  4:58  Overlord  
  68  5:02  Drone x4  
  72  5:10  Zergling x6  
  75  5:22  Overlord x3  
  75  5:25  Extractor  
  75  5:26  Drone x8, Hatchery  
  75  5:27  Spire  
  75  5:37  Zergling x6  
  71  5:43  Drone  
  71  5:47  Queen x3  
  69  5:56  Drone x8  
  72  6:02  Drone x4  
  72  6:06  Zergling x2  
  72  6:12  Drone x2  
  72  6:19  Drone x3  
  72  6:21  Baneling x3  
  75  6:31  Overseer  
  72  6:32  Zergling x4  
  72  6:33  Zergling x6  
  72  6:38  Zergling x4  
  74  6:42  Zergling x10  
  78  6:52  Drone x4  
  82  6:57  Drone  
  81  7:06  Drone x6  
  83  7:08  Extractor  
  83  7:10  Extractor  
  83  7:11  Centrifical Hooks, Infestation Pit  
  83  7:13  Extractor  
  79  7:16  Drone x5  
  79  7:18  Drone x3  
  79  7:20  Drone x5  
  92  7:25  Overseer  
  92  7:34  Zerg Flyer Weapons Level 1  
  92  7:37  Zergling x6  
  92  7:38  Zergling x4  
  92  7:44  Drone x2, Roach Warren  
  99  7:49  Hatchery  
  95  7:53  Mutalisk x2  
  95  7:54  Mutalisk x2  
  103  8:00  Spawning Pool  
  103  8:04  Mutalisk x2  
  101  8:12  Mutalisk  
  93  8:28  Drone x5  
  93  8:30  Drone x3  
  93  8:31  Drone x12  
  113  8:38  Glial Reconstitution  
  113  8:40  Hive  
  113  8:46  Overlord x5  
  113  9:00  Pneumatized Carapace  
  113  9:05  Extractor  
  113  9:07  Spore Crawler  
  113  9:09  Spine Crawler  
  108  9:10  Queen  
  108  9:13  Queen  
  108  9:14  Queen  
  108  9:15  Spine Crawler  
  112  9:24  Mutalisk x7  
  112  9:27  Zergling x16  
  112  9:28  Zergling x4  
  112  9:29  Baneling x2  
  136  9:34  Extractor  
  136  9:37  Mutalisk  
  132  9:42  Corruptor  
  132  9:43  Queen  
  132  9:45  Queen  
  127  9:50  Corruptor, Queen  
  126  9:56  Mutalisk  
  126  9:59  Zergling x10  
  120  10:01  Queen  
  120  10:09  Hatchery  
  120  10:13  Corruptor x2  
  122  10:18  Queen  
  122  10:21  Queen  
  124  10:36  Queen  
  124  10:37  Queen  
  124  10:41  Zerg Flyer Armor Level 1  
  128  10:43  Drone x3  
  131  10:50  Overlord x2  
  131  10:54  Queen  
  131  10:57  Queen  
  133  10:58  Overseer  
  133  11:01  Viper x3  
  144  11:08  Hatchery  
  143  11:14  Overlord  
  143  11:15  Queen  
  143  11:16  Overseer  
  143  11:17  Corruptor x2  
  149  11:33  Spire  
  149  11:36  Drone x7  
  155  11:45  Corruptor x4  
  163  12:03  Baneling x5  
  163  12:04  Baneling x5, Zergling x12  
  163  12:05  Overlord, Zergling x10  
  163  12:06  Overlord x3  
  174  12:18  Spore Crawler  
  174  12:19  Spore Crawler  
  174  12:21  Spine Crawler  
  171  12:27  Queen  
  173  12:31  Corruptor x5  
  173  12:35  Greater Spire  
  183  12:44  Drone x2, Extractor x2  
  185  12:46  Corruptor x3  
  185  12:50  Zerg Flyer Armor Level 2  
  189  12:54  Zergling x12  
  179  13:23  Corruptor x7  
  163  13:35  Corruptor x2  
  156  13:42  Zergling x32  
  156  13:43  Queen x2  
  176  13:54  Brood Lord  
  178  13:57  Brood Lord  
  178  13:58  Brood Lord  
  178  14:00  Brood Lord  
  184  14:12  Brood Lord  
  188  14:17  Brood Lord x2  
  190  14:25  Zerg Flyer Weapons Level 2  
  190  14:31  Hatchery  
  183  14:48  Hatchery  
  161  15:01  Corruptor x10  
  177  15:15  Corruptor x4  
  172  15:39  Corruptor x6  
  184  15:49  Drone x6  
  182  16:00  Extractor  
  182  16:03  Extractor  
  178  16:05  Adrenal Glands  
  178  16:11  Zerg Flyer Armor Level 3  
  178  16:20  Corruptor x6  
  190  16:26  Drone x3  
  193  16:43  Brood Lord x3  
  193  16:45  Zergling x2  
  190  17:00  Extractor  
  188  17:02  Zergling x24  
  195  17:12  Spine Crawler  
  195  17:14  Spine Crawler x2  
  195  17:15  Drone x7  
  190  17:19  Spine Crawler  
  190  17:20  Spine Crawler  
  180  17:23  Corruptor x7  
  180  17:36  Drone x7  
  176  17:48  Corruptor  
  176  17:49  Corruptor x2  
  178  17:54  Drone x3  
  179  18:11  Baneling x3  
  179  18:15  Zergling x26  
  179  18:18  Drone x2  
  190  18:31  Spine Crawler  
  190  18:32  Spine Crawler  
  177  19:07  Zergling x42  
Show
View Real Time Build Order
Export as new Build Order

RozenKran Terran 

Build Orders: Reaper Expand, Hellion Banshee 

Get SALT Encoding   

  12  0:01  SCV  
  13  0:13  SCV  
  14  0:17  Supply Depot  
  14  0:25  SCV  
  15  0:39  SCV  
  15  0:41  Barracks  
  16  0:45  Refinery  
  16  0:51  SCV  
  17  1:03  SCV  
  18  1:15  SCV  
  19  1:29  Orbital Command, Reaper  
  20  1:42  Command Center  
  20  1:53  Supply Depot  
  20  1:55  SCV  
  21  2:01  Marine  
  21  2:07  SCV  
  23  2:11  Refinery  
  23  2:16  Factory  
  23  2:20  SCV  
  24  2:23  Barracks Reactor  
  24  2:32  SCV  
  25  2:44  SCV  
  26  2:56  Orbital Command, SCV  
  27  3:13  SCV  
  27  3:14  Starport  
  27  3:15  Refinery  
  27  3:16  Hellion x2  
  32  3:20  Starport, Marine  
  32  3:23  SCV  
  32  3:25  SCV  
  35  3:35  SCV  
  35  3:39  Hellion  
  35  3:40  Hellion, Supply Depot  
  40  3:54  Starport Tech Lab  
  40  3:55  SCV x2  
  42  4:01  Starport Tech Lab  
  42  4:06  Supply Depot  
  42  4:07  SCV x2  
  44  4:11  Hellion x2  
  48  4:21  SCV x2  
  48  4:22  Cloaking Field, Hyperflight Rotors  
  50  4:24  Banshee  
  50  4:27  Banshee  
  56  4:39  SCV x2, Supply Depot  
  58  4:51  SCV x2  
  60  4:57  Command Center  
  60  5:03  SCV  
  60  5:05  SCV  
  60  5:07  Banshee  
  62  5:10  Banshee  
  68  5:21  Hellion  
  68  5:24  Supply Depot  
  68  5:25  Supply Depot  
  68  5:26  Refinery  
  70  5:29  Hellion  
  71  5:49  Banshee  
  71  5:53  Banshee  
  71  6:09  Engineering Bay, SCV x2  
  71  6:10  Armory  
  71  6:14  Starport  
  71  6:15  Starport  
  67  6:21  SCV x2  
  69  6:40  Banshee  
  69  6:41  Banshee  
  69  6:46  Widow Mine x2, SCV  
  80  6:47  Missile Turret  
  80  6:51  Missile Turret  
  80  6:53  Missile Turret x2, Orbital Command  
  80  6:54  Missile Turret, Supply Depot x2  
  80  6:55  Missile Turret  
  80  7:03  Liberator  
  80  7:13  Liberator, SCV x2  
  82  7:16  Supply Depot  
  82  7:18  Liberator, Supply Depot  
  82  7:19  Liberator, Widow Mine x2  
  89  7:23  SCV  
  89  7:25  SCV x2  
  89  7:28  Terran Vehicle And Ship Armor Level 1  
  92  7:35  SCV  
  102  7:57  Hellion x2, SCV  
  107  8:00  Liberator  
  107  8:01  Liberator  
  101  8:19  Hellion x2  
  108  8:24  Banshee x2  
  114  8:30  SCV x2  
  116  8:35  Supply Depot x3  
  116  8:40  Hellion x2  
  120  8:54  Command Center  
  120  8:56  Command Center  
  120  8:57  Missile Turret  
  120  9:00  Missile Turret  
  120  9:02  Command Center  
  120  9:09  Hellion x2  
  121  9:10  Banshee x2  
  121  9:11  Starport Tech Lab, Starport Reactor  
  127  9:17  SCV  
  128  9:29  Terran Vehicle And Ship Armor Level 2, Refinery  
  128  9:30  Starport, Refinery  
  128  9:31  Starport  
  126  9:38  Liberator x2  
  126  9:44  Orbital Command  
  126  9:45  Liberator  
  97  10:15  Liberator x2  
  97  10:16  Orbital Command  
  95  10:22  Orbital Command  
  95  10:27  Orbital Command  
  93  10:34  Hellion x2  
  100  10:45  Viking x2  
  104  10:50  SCV  
  104  10:51  SCV x3  
  104  10:57  Missile Turret  
  108  10:58  Liberator x2  
  108  10:59  Missile Turret x2  
  108  11:00  Missile Turret  
  108  11:02  Missile Turret  
  108  11:03  SCV x3  
  111  11:10  SCV x2  
  113  11:15  SCV  
  113  11:18  Liberator x2  
  120  11:27  Missile Turret  
  120  11:34  Hellion x2  
  120  11:35  Banshee  
  120  11:38  Missile Turret  
  133  11:40  Missile Turret  
  133  11:41  Missile Turret  
  133  11:43  Liberator  
  133  11:45  Liberator, Planetary Fortress  
  133  11:47  Refinery  
  131  11:55  Refinery  
  134  12:04  Hellion x2  
  141  12:10  SCV  
  141  12:15  Factory  
  142  12:21  SCV x2  
  142  12:22  SCV x3  
  147  12:23  SCV  
  147  12:27  Terran Ship Weapons Level 1  
  148  12:30  Banshee x2  
  148  12:36  Raven  
  156  12:38  SCV x4  
  156  12:41  SCV  
  161  12:49  Missile Turret  
  161  12:54  Missile Turret  
  161  12:55  SCV  
  161  12:56  Missile Turret  
  161  12:57  Missile Turret  
  161  13:06  Viking x4  
  161  13:11  Widow Mine x2  
  173  13:13  Factory Reactor  
  102  13:41  Banshee x3  
  99  13:42  Viking x4  
  116  13:49  Hellion x2  
  116  13:50  Hellion x2  
  116  13:51  SCV  
  126  13:55  SCV  
  126  13:57  Factory  
  126  13:58  Factory  
  124  14:11  Viking, Hellion x4  
  124  14:12  Viking x3  
  124  14:17  SCV x2  
  142  14:24  Banshee  
  142  14:26  Orbital Command  
  145  14:32  Missile Turret, Hellion x4  
  145  14:34  Missile Turret  
  145  14:35  Missile Turret  
  145  14:37  Missile Turret  
  134  14:53  Hellion  
  101  15:00  Viking x5  
  101  15:01  Viking  
  101  15:07  Viking  
  93  15:30  Viking x5  
  93  15:31  Viking  
  100  15:37  Viking  
  100  15:42  Refinery  
  92  15:44  Refinery  
  91  15:51  Hellion x6  
  99  16:00  Viking x4  
  107  16:05  Viking x2  
  107  16:06  Viking  
  113  16:12  Hellion x4  
  113  16:13  SCV x3  
  124  16:23  Factory Tech Lab  
  124  16:24  Factory Tech Lab  
  124  16:30  Viking x4  
  132  16:33  Hellion x2  
  132  16:35  Viking x2, SCV  
  132  16:36  Viking  
  143  16:43  Hellbat x2  
  147  17:00  Viking x4, Orbital Command  
  155  17:05  Viking x2  
  155  17:06  Raven  
  139  17:30  Viking x3  
  139  17:35  Viking x3  
  119  17:51  Raven  
  119  17:58  Infernal Pre-Igniter, Mag-Field Accelerator  
  115  18:00  Viking x3, SCV x2  
  123  18:19  Missile Turret  
  121  18:21  Missile Turret x2  
  121  18:22  Missile Turret  
  121  18:23  Missile Turret  
  121  18:24  Hellion x6  
  121  18:25  Refinery  
  121  18:26  Refinery  
  119  18:45  Hellion x4  
  119  18:46  Hellion x2  
  125  19:06  Hellion x2  
  125  19:07  Hellion x2  
Tags
 
Add a new tag
Caveats
  • Supply blocks, unpowered buildings, or Contaminate may cause inaccurate times.
  • Supply counts are checked every 10 seconds.